 Dungeon Crawl Stone Soup version 0.17-a0-1446-gc28613e (webtiles) character file.

27 esc the Skirmisher (level 2, 2/27 HPs)
             Began as a Minotaur Berserker on June 28, 2015.
             Was a Believer of Trog.
             Quit the game on level 2 of the Dungeon.
             The game lasted 00:01:37 (615 turns).

esc the Skirmisher (Minotaur Berserker)              Turns: 615, Time: 00:01:38

Health: 2/27       AC:  2    Str: 21    XL:     2   Next: 93%
Magic:  1/1        EV: 14    Int:  4    God:    Trog [**....]
Gold:   86         SH:  0    Dex:  9    Spells: 0 memorised, 1 level left

rFire  + . .     SeeInvis .     a - +0 falchion
rCold  . . .     Clarity  .     b - +0 animal skin
rNeg   . . .     SustAt   .     (no shield)
rPois  .         Gourm    .     (helmet restricted)
rElec  .         Spirit   .     (no cloak)
rCorr  .         Warding  .     (no gloves)
rMut   .         Stasis   .     (no boots)
MR     .....                    (no amulet)
Stlth  +.........               (no ring)
                                (no ring)

@: lethally poisoned (2 -> -5), not resistant to hostile enchantments, very
unstealthy
A: retaliatory headbutt, horns 2, repulsion field 1, fire resistance 1, spit
poison 1
a: Spit Poison, Burn Spellbooks, Berserk, Trog's Hand, Renounce Religion


You were on level 2 of the Dungeon.
You worshipped Trog.
Trog was pleased with you.
You were not hungry.

You visited 1 branch of the dungeon, and saw 2 of its levels.

You collected 86 gold pieces.

Inventory:

Hand weapons
 a - a +0 falchion (weapon)
Armour
 b - a +0 animal skin (worn)
Scrolls
 e - a scroll of recharging {unknown}
 f - a scroll of fear {unknown}
 g - a scroll of remove curse {unknown}
 i - a scroll of identify {unknown}
Comestibles
 c - a bread ration {@e1}
 d - a chunk of flesh {@w0}
 h - a slice of pizza


   Skills:
 + Level 4.1 Fighting
 + Level 3.9 Long Blades
 + Level 2.8 Armour
 + Level 2.8 Dodging


You had one spell level left.
You didn't know any spells.

Dungeon Overview and Level Annotations

Branches:
Dungeon (2/15)

Altars:


Innate Abilities, Weirdness & Mutations

You reflexively headbutt those who attack you in melee.
You have a pair of horns on your head.
You are surrounded by a mild repulsion field (EV +2).
Your flesh is heat resistant.
You can spit weak poison.


Message History

Things that are here:
a club; a hobgoblin corpse You butcher the hobgoblin corpse.
d - 7 chunks of flesh {@w0} (gained 3)
Things that are here:
a club; a hobgoblin skeleton
Things that are here:
a club; a hobgoblin skeleton
i - a scroll labeled VUS ANOERUD HYOP You regained 2 hp, and now have 25/27 hp.
You now have 77 gold pieces (gained 10).
You see here 19 stones.
Some of the chunks of flesh in your inventory have rotted away.
A giant newt comes into view.
Health restored: 27 You closely miss the giant newt.
The giant newt completely misses you.
You barely miss the giant newt. You headbutt the giant newt.
You kill the giant newt!
Trog accepts your kill.
No target in view!
No target in view!
No target in view!
You see here a dagger.
You see here a short sword.
Some of the chunks of flesh in your inventory have rotted away.
You enter the shallow water.
Moving in this stuff is going to be slow.
Done exploring.
You see here a club.
You see here a club.
There is a stone staircase leading down here.
You climb downwards.
There is a stone staircase leading up here.
You now have 86 gold pieces (gained 9).
j - a lumpy green potion
There is a stone staircase leading up here.
A goblin comes into view. It is wielding a dagger.
The goblin shouts!
The goblin closely misses you.
You hit the goblin.
You kill the goblin!
Trog accepts your kill.
Some of the chunks of flesh in your inventory have rotted away.
No target in view!
No target in view!
Found a murky red potion.
Found an escape hatch in the floor.
Things that are here:
a dagger; a goblin corpse You butcher the goblin corpse.
d - 4 chunks of flesh {@w0} (gained 1)
You see here a dagger.
An adder comes into view.
You see here a murky red potion.
The adder barely misses you.
You barely miss the adder. The adder bites you.
You take 3 damage, and have 24/27 hp.
You closely miss the adder. The adder barely misses you.
You furiously retaliate!
You headbutt the adder. The adder bites you.
You are poisoned.
The adder poisons you!
You take 2 damage, and have 22/27 hp.
You barely miss the adder.
You feel sick. The adder barely misses you.
You take 1 damage, and have 21/27 hp.
You miss the adder. The adder bites you.
You are more poisoned.
The adder poisons you! The adder closely misses you.
You take 5 damage, and have 16/27 hp.
You miss the adder.
You feel sick. The adder barely misses you.
You take 1 damage, and have 15/27 hp.
You hit the adder. The adder barely misses you. The adder closely misses you.
You barely miss the adder.
You feel sick. The adder barely misses you.
Some of the chunks of flesh in your inventory have rotted away.
You take 1 damage, and have 14/27 hp.
You completely miss the adder. Your headbutt misses the adder.
The adder bites you.
You are lethally poisoned!
The adder poisons you! The adder barely misses you.
You take 5 damage, and have 9/27 hp.
Drink which item? (? for menu, Esc to quit)
It was a potion of mutation.
You feel extremely strange.
You begin to radiate repulsive energy.
You feel resistant to heat.
There is a nasty taste in your mouth for a moment.
* * * LOW HITPOINT WARNING * * *
You feel sick. The adder closely misses you.
You take 1 damage, and have 8/27 hp.
* * * LOW HITPOINT WARNING * * *
You feel sick.
You take 1 damage, and have 7/27 hp.
* * * LOW HITPOINT WARNING * * *
You feel sick. The adder closely misses you.
You see here a murky red potion.
j - a murky red potion The adder bites you.
* * * LOW HITPOINT WARNING * * *
You take 4 damage, and have 3/27 hp.
Drink which item? (? for menu, Esc to quit)
It was a potion of cancellation.
You feel magically purged.
* * * LOW HITPOINT WARNING * * *
You feel sick. The adder barely misses you.
You take 1 damage, and have 2/27 hp.

.......... ..........
......... ##.......
........# .# ####....#
#.. ........# #.#
##....#S###.#
.......@.##.#
..........#.#
............# ..
............########..
................>.....
(...................#.
...........#...#..###.
...........#..).......
........#.#.#.######.##


You could see an adder.

Vanquished Creatures
  3 giant geckos (D:1)
  5 hobgoblins (D:1)
  3 bats (D:1)
  3 giant newts (D:1)
  5 goblins
  2 kobolds (D:1)
  3 rats (D:1)
24 creatures vanquished.

Notes
Turn   | Place    | Note
--------------------------------------------------------------
     0 | D:1      | esc the Minotaur Berserker began the quest for the Orb.
     0 | D:1      | Reached XP level 1. HP: 19/19 MP: 0/0
   150 | D:1      | Reached XP level 2. HP: 25/27 MP: 1/1
   359 | D:1      | Reached skill level 4 in Fighting
   381 | D:1      | Acquired Trog's second power
   610 | D:2      | Gained mutation: You are surrounded by a mild repulsion field (EV +2). [potion of mutation]
   610 | D:2      | Gained mutation: Your flesh is heat resistant. [potion of mutation]
   610 | D:2      | Gained mutation: You can spit weak poison. [potion of mutation]
   613 | D:2      | HP: 3/27 [adder (4)]
   615 | D:2      | Quit the game

Vault maps used:
D:1:      dpeg_arrival_arbitrary_c, minivault_4
D:2:      fiery_altar_vehumet, serial_co_window_serial, co_window_paths_b,
          co_window_paths_a, co_window_paths_b, co_window_paths_a,
          co_window_paths_a, co_window_paths_b, co_window_paths_b,
          co_window_corner_b, co_window_corner_b, co_window_broadway_a,
          co_window_cross_2, co_window_broadway_c, co_window_broadway_a,
          co_window_paths_d, glass_columns_b, glass_columns_b, glass_columns_b,
          glass_columns_c, glass_columns_b

Action                   || total
-------------------------++-------
Melee: Falchion          ||    55
  Use: Potion            ||     2

Vault maps used:
D:1:      dpeg_arrival_arbitrary_c, minivault_4
D:2:      fiery_altar_vehumet, serial_co_window_serial, co_window_paths_b,
          co_window_paths_a, co_window_paths_b, co_window_paths_a,
          co_window_paths_a, co_window_paths_b, co_window_paths_b,
          co_window_corner_b, co_window_corner_b, co_window_broadway_a,
          co_window_cross_2, co_window_broadway_c, co_window_broadway_a,
          co_window_paths_d, glass_columns_b, glass_columns_b, glass_columns_b,
          glass_columns_c, glass_columns_b

Table legend:
 A = Turns spent in this place as a percentage of turns spent in the entire game.
 B = Non-inter-level travel turns spent in this place as a percentage of non-inter-level travel turns spent in the entire game.
 C = Inter-level travel turns spent in this place as a percentage of turns spent in this place.
 D = Turns resting spent in this place as a percentage of non-inter-level travel turns spent in this place.
 E = Turns spent auto-exploring this place as a percentage of non-inter-level travel turns spent in this place.
 F = Non-inter-level travel turns spent in this place divided by the number of levels of this place that you've seen.
                   A       B       C       D       E      F
               +-------+-------+-------+-------+-------+----------------------
         Total | 100.0 | 100.0 |   0.4 |   0.0 |  11.0 | 118.5
       Dungeon | 100.0 | 100.0 |   0.4 |   0.0 |  11.0 | 118.5
               +-------+-------+-------+-------+-------+----------------------

Table legend:
 A = Kills in this place as a percentage of kills in entire the game.
 B = Kills by you in this place as a percentage of kills by you in the entire game.
 C = Kills by friends in this place as a percentage of kills by friends in the entire game.
 D = Other kills in this place as a percentage of other kills in the entire game.
 E = Experience gained in this place as a percentage of experience gained in the entire game.
 F = Experience gained in this place divided by the number of levels of this place that you have seen.
                   A       B       C       D       E      F
               +-------+-------+-------+-------+-------+----------------------
         Total | 100.0 | 100.0 |  -nan |  -nan | 100.0 |  19.5
       Dungeon | 100.0 | 100.0 |  -nan |  -nan | 100.0 |  19.5
               +-------+-------+-------+-------+-------+----------------------
